Map: Catalizador EJ

Players

Norseland

  • Race: Protoss Protoss
  • League: Platinum
  • Spawn Location: 11:00

Inti - Winner!

  • Race: Protoss Protoss
  • Spawn Location: 5:00

VOD

Have the link to the VOD?

Description

Time

  • Played on: July 21, 2018, 2:42 p.m.
  • Length: 16:23
Show
View Real Time Build Order
Export as new Build Order

Norseland Protoss 

Build Orders:  

Get SALT Encoding   

  12  0:01  Probe  
  13  0:15  Probe  
  13  0:17  Pylon  
  14  0:23  Probe  
  15  0:32  Probe  
  15  0:42  Gateway  
  16  0:45  Assimilator  
  16  0:48  Probe  
  17  1:04  Probe  
  18  1:17  Gateway  
  18  1:21  Probe  
  19  1:36  Probe  
  19  1:40  Assimilator  
  19  1:44  Probe  
  20  1:49  Cybernetics Core  
  21  1:58  Nexus  
  21  2:01  Probe  
  22  2:10  Pylon  
  22  2:11  Probe  
  23  2:28  Stalker  
  23  2:29  Stalker  
  27  2:40  Pylon  
  27  2:50  Robotics Facility  
  27  2:52  Warp Gate  
  27  2:53  Probe  
  28  3:05  Probe  
  29  3:11  Sentry  
  29  3:12  Probe  
  32  3:13  Probe  
  33  3:21  Probe x2  
  35  3:29  Probe, Sentry  
  35  3:31  Probe  
  38  3:46  Immortal  
  42  3:52  Probe x2  
  44  3:56  Assimilator  
  44  3:59  Assimilator  
  44  4:04  Probe  
  44  4:07  Stalker x2  
  44  4:08  Probe  
  50  4:16  Probe  
  51  4:20  Probe  
  52  4:28  Probe  
  52  4:30  Probe  
  54  4:48  Pylon, Probe  
  54  4:50  Pylon  
  54  4:53  Pylon, Probe  
  54  4:56  Stalker  
  54  5:02  Stalker  
  54  5:05  Probe  
  53  5:11  Probe  
  52  5:17  Probe  
  52  5:23  Probe  
  53  5:29  Probe  
  55  5:35  Probe  
  55  5:39  Immortal  
  55  5:41  Probe  
  56  5:47  Probe  
  61  5:53  Probe  
  62  5:58  Twilight Council  
  62  5:59  Probe  
  63  6:05  Forge, Probe  
  63  6:07  Pylon  
  64  6:15  Immortal  
  64  6:23  Stalker x2  
  72  6:26  Probe x2  
  74  6:34  Probe x2  
  74  6:38  Protoss Ground Weapons Level 1  
  76  6:41  Charge  
  76  6:42  Probe  
  76  6:44  Probe  
  78  6:54  Probe, Observer  
  78  6:56  Probe  
  81  7:04  Stalker  
  81  7:05  Stalker  
  85  7:21  Nexus  
  85  7:23  Pylon  
  85  7:25  Pylon, Probe  
  85  7:28  Assimilator  
  86  7:32  Assimilator  
  86  7:36  Gateway  
  86  7:38  Pylon  
  86  7:40  Probe  
  83  7:44  Probe  
  83  7:48  Immortal  
  81  7:52  Probe  
  81  7:58  Stalker x2  
  82  8:03  Probe  
  82  8:04  Probe  
  90  8:10  Shield Battery  
  90  8:15  Probe  
  90  8:16  Probe  
  92  8:23  Immortal  
  92  8:25  Probe  
  92  8:26  Probe  
  92  8:27  Templar Archives  
  93  8:31  Robotics Facility  
  93  8:33  Probe  
  98  8:34  Probe  
  100  8:41  Probe  
  100  8:45  Gateway  
  100  8:46  Gateway  
  100  8:47  Probe  
  101  8:49  Probe  
  101  8:52  Zealot  
  101  8:53  Probe, Zealot  
  101  8:54  Protoss Ground Weapons Level 2  
  108  8:59  Probe  
  108  9:01  Probe  
  108  9:02  Immortal  
  115  9:10  Probe  
  115  9:11  Probe  
  115  9:14  Probe  
  117  9:21  High Templar  
  117  9:22  Probe, High Templar x2  
  117  9:23  Probe  
  125  9:25  Archon  
  125  9:35  Pylon  
  125  9:37  Pylon  
  125  9:39  Pylon  
  125  9:49  Pylon  
  125  9:50  Pylon, Immortal  
  125  9:52  Immortal  
  125  9:53  High Templar, Probe  
  125  9:56  High Templar x2  
  125  9:58  High Templar  
  125  9:59  High Templar  
  144  10:00  Archon x2  
  144  10:03  Archon  
  144  10:21  Shield Battery  
  144  10:22  Immortal  
  144  10:23  Shield Battery  
  144  10:25  Immortal  
  144  10:31  Gateway  
  144  10:32  High Templar x2  
  144  10:33  Gateway  
  144  10:34  Zealot x3  
  144  10:35  Gateway  
  162  10:36  Archon  
  159  11:07  Protoss Ground Weapons Level 3  
  156  11:19  Zealot x4  
  156  11:24  Probe  
  165  11:30  Pylon  
  165  11:31  Pylon  
  165  11:42  Pylon x2  
  165  11:43  Observer x2  
  165  11:46  Pylon  
  165  11:48  Probe  
  165  11:50  Pylon x2  
  158  12:09  Probe x3  
  159  12:21  Probe x2  
  161  12:23  Probe  
  161  12:24  Zealot x4  
  161  12:25  Zealot x4  
  178  12:33  Probe  
  178  12:36  Photon Cannon  
  179  12:38  Photon Cannon  
  179  12:42  Immortal x2  
  187  12:48  Nexus  
  187  12:50  Pylon  
  187  12:52  Pylon  
  187  12:57  Forge  
  187  13:01  High Templar x3  
  187  13:02  High Templar x3  
  187  13:05  Archon  
  199  13:06  Archon  
  199  13:07  Archon  
  198  13:29  Zealot  
  198  13:31  Protoss Ground Armor Level 1  
  198  13:32  Protoss Shields Level 1  
  200  13:39  Zealot  
  180  13:58  Probe x3  
  176  14:10  Probe x3  
  177  14:25  Probe x2  
  177  14:28  Nexus  
  177  14:30  Pylon  
  179  14:33  Pylon  
  179  14:35  Observer  
  179  14:36  Observer  
  181  14:52  Stalker x3  
  187  14:53  Stalker x4  
  187  14:54  Stalker  
  197  15:10  Probe x3  
  200  15:24  Nexus  
  200  15:26  Pylon  
  200  15:28  Pylon  
  158  15:50  High Templar  
  158  15:51  High Templar x5  
  158  15:52  High Templar x2  
  162  16:00  Archon x3  
  162  16:01  Archon  
Show
View Real Time Build Order
Export as new Build Order

Inti Protoss - Winner!

Build Orders: 1 Gate Expand, Oracle Opening 

Get SALT Encoding   

  12  0:01  Probe  
  13  0:14  Probe  
  14  0:18  Pylon  
  14  0:27  Probe  
  15  0:40  Gateway  
  15  0:42  Probe  
  16  0:50  Probe  
  16  0:54  Assimilator  
  17  1:10  Probe  
  18  1:22  Probe  
  19  1:29  Nexus  
  18  1:34  Probe  
  19  1:50  Cybernetics Core  
  19  1:56  Pylon  
  19  1:59  Probe  
  20  2:04  Assimilator  
  20  2:14  Gateway  
  20  2:16  Pylon  
  20  2:21  Probe  
  21  2:32  Stalker  
  21  2:33  Probe  
  24  2:44  Warp Gate  
  24  2:49  Probe  
  25  2:57  Stargate  
  25  3:01  Stalker  
  27  3:06  Probe  
  27  3:08  Stalker, Probe  
  31  3:14  Probe  
  31  3:16  Probe  
  32  3:23  Probe  
  32  3:25  Probe  
  35  3:36  Probe  
  35  3:38  Assimilator  
  35  3:40  Oracle  
  39  3:48  Probe x2  
  39  3:55  Pylon  
  41  3:56  Probe x2  
  43  4:04  Probe x2  
  45  4:14  Robotics Facility  
  45  4:15  Gateway  
  45  4:19  Gateway  
  45  4:28  Probe  
  46  5:21  Stalker x2  
  46  5:25  Immortal  
  46  5:27  Twilight Council  
  54  5:34  Oracle  
  54  5:35  Probe x2  
  59  5:40  Pylon  
  59  5:41  Assimilator, Pylon  
  59  5:44  Stalker  
  59  5:47  Probe  
  59  5:49  Pylon  
  62  5:52  Nexus  
  62  5:54  Pylon  
  62  5:55  Pylon  
  62  5:57  Forge  
  62  5:58  Forge  
  62  6:01  Stalker x2  
  62  6:02  Stalker  
  68  6:26  Protoss Ground Weapons Level 1  
  68  6:28  Charge, Protoss Ground Armor Level 1  
  68  6:31  Probe x2  
  70  6:43  Probe x2  
  70  6:46  Zealot  
  70  6:47  Zealot x3  
  76  6:52  Immortal  
  84  6:58  Probe x2  
  86  7:07  Probe  
  87  7:10  Probe x2  
  89  7:18  Assimilator  
  89  7:19  Probe  
  89  7:21  Zealot x3  
  89  7:22  Probe x2  
  98  7:23  Assimilator  
  98  7:25  Pylon  
  98  7:26  Templar Archives  
  98  7:31  Probe  
  98  7:34  Probe x2  
  101  7:43  Probe  
  102  7:46  Probe x2  
  101  7:55  Probe  
  99  7:59  Zealot x4  
  99  8:05  Probe x2  
  109  8:07  Probe  
  109  8:09  Protoss Ground Armor Level 2, Protoss Ground Weapons Level 2  
  110  8:17  Probe  
  111  8:24  Pylon  
  111  8:27  Pylon  
  111  8:28  Pylon  
  111  8:29  Pylon, Probe  
  111  8:30  Probe x2  
  111  8:34  Pylon  
  114  8:45  Nexus  
  114  8:46  Zealot  
  114  8:47  Assimilator, Zealot x3  
  122  8:51  Assimilator  
  122  8:54  Pylon  
  122  8:55  Gateway  
  122  8:56  Pylon, Gateway  
  122  8:58  Gateway  
  122  8:59  Gateway  
  122  9:13  High Templar  
  122  9:14  High Templar x3  
  130  9:18  Archon x2  
  130  9:31  Gateway x2  
  130  9:33  Pylon, Gateway  
  130  9:35  Probe x3  
  133  9:42  Immortal  
  133  9:45  Photon Cannon  
  137  9:47  Photon Cannon, Probe x3  
  137  9:49  High Templar x4  
  148  9:52  Archon  
  148  9:53  Archon  
  148  9:57  Zealot x2  
  148  9:58  Zealot  
  154  10:16  Protoss Ground Armor Level 3, Protoss Ground Weapons Level 3  
  155  10:21  Observer  
  155  10:32  Probe x3  
  158  10:40  High Templar x4  
  158  10:41  Zealot x3  
  158  10:42  Immortal, Zealot x3  
  182  10:46  Archon  
  182  10:47  Archon  
  172  11:06  Zealot x3  
  170  11:22  Protoss Air Weapons Level 1  
  170  11:23  High Templar x3  
  170  11:24  High Templar  
  178  11:27  Archon  
  178  11:28  Archon  
  178  11:36  Stargate  
  178  11:37  Fleet Beacon  
  178  11:38  Stargate  
  178  11:43  Cybernetics Core  
  164  12:04  Zealot x5  
  164  12:05  Zealot x5  
  170  12:30  Assimilator, Nexus  
  170  12:31  Observer  
  170  12:32  Assimilator, Pylon, Carrier  
  170  12:33  Carrier x2  
  170  12:34  Pylon  
  170  12:35  Graviton Catapult  
  170  12:36  Mothership, Pylon  
  196  12:54  Protoss Air Armor Level 1  
  196  13:00  Protoss Shields Level 1, Photon Cannon  
  196  13:01  Photon Cannon  
  196  13:14  Photon Cannon  
  192  13:32  Observer  
  190  13:48  Carrier  
  190  13:49  Observer  
  196  14:05  Carrier x2  
  184  14:32  Zealot x6  
  184  14:33  Zealot  
  184  14:34  Zealot  
  198  15:34  Assimilator  
  198  15:35  Nexus  
  198  15:37  Pylon  
  198  15:38  Assimilator  
  198  15:39  Pylon  
  192  15:42  Pylon  
  192  15:43  Zealot x4  
  192  15:44  Zealot  
  192  15:46  Zealot  
Tags
 
Add a new tag
Caveats
  • Supply blocks, unpowered buildings, or Contaminate may cause inaccurate times.
  • Supply counts are checked every 10 seconds.